 Dungeon Crawl Stone Soup version 0.26-a0-67-g850bfe61e3 (webtiles) character file.

Game seed: 55826813696596711

68 Minion the Slasher (level 4, -2/35 HPs)
             Began as a Formicid Fighter on June 12, 2020.
             Killed from afar by an orc wizard (7 damage)
             ... with a magic dart
             ... on level 1 of the Dungeon.
             The game lasted 00:01:43 (897 turns).

Minion the Slasher (Formicid Fighter)                Turns: 897, Time: 00:01:43

Health: -2/35      AC:  6    Str: 22    XL:     4   Next: 41%
Magic:  4/4        EV:  9    Int:  7    God:
Gold:   87         SH:  0    Dex: 10    Spells: 3/3 levels left

rFire    . . .     SeeInvis +   a - +0 long sword
rCold    . . .     Gourm    .   (no shield)
rNeg     . . .     Faith    .   b - +0 scale mail
rPois    .         Spirit   .   (helmet unavailable)
rElec    .         Reflect  .   (no cloak)
rCorr    .         Harm     .   (no gloves)
MR       .....                  (no boots)
Stlth    ..........             (no amulet)
HPRegen  0.11/turn              (no ring)
MPRegen  0.09/turn              (no ring)

@: no status effects
A: permanent stasis, dig shafts and tunnels, four strong arms, antennae 3
a: Dig, Shaft Self


You were on level 1 of the Dungeon.
You were not hungry.

You visited 1 branch of the dungeon, and saw 2 of its levels.

You collected 87 gold pieces.

Inventory:

Hand Weapons
 a - a +0 long sword (weapon)
Armour
 b - a +0 scale mail (worn)
Potions
 d - a potion of might
 e - a potion of curing {unknown}
 g - a potion of heal wounds {unknown}
 h - a potion of degeneration {unknown}
Comestibles
 c - a chunk of flesh
 f - 2 rations


   Skills:
 - Level 3.2 Fighting
 + Level 4.3 Long Blades
 - Level 3.2 Armour
   Level 3.6 Shields


You had 3 spell levels left.
You didn't know any spells.
Your spell library was empty.

Dungeon Overview and Level Annotations

Branches:
Dungeon (2/15)

Altars:

Annotations:
D:2 Jessica


Innate Abilities, Weirdness & Mutations

You cannot be hasted, slowed, berserked, paralysed or teleported.
You can dig through walls and to a lower floor.
Your four strong arms can wield two-handed weapons with a shield.
You have a pair of large antennae on your head. (SInv)


Message History

You are too confused!
You are too confused!
You miss the orc wizard. The orc wizard completely misses you.
You miss the orc wizard. The orc barely misses you.
The orc wizard gestures at you while chanting.
The puff of flame hits you. The orc hits you but does no damage.
You bump into the rock wall.
You feel less confused.
The orc wizard points at you and mumbles some strange words.
The magic dart hits you!
* * * LOW HITPOINT WARNING * * *
The orc hits you but does no damage.
You barely miss the orc.
The orc wizard hits you with a +0 dagger.
* * * LOW HITPOINT WARNING * * *
The orc barely misses you.
You barely miss the orc wizard.
The orc wizard points at you and mumbles some strange words.
The magic dart hits you!
You die...

#................# #......
##.#####.........##########......
#.# #...........................
#.# #......................#####
#.# #....##................#####
#.# ####.##.....................
#.# #.......##.................
#.# #.....[.##o................
#.# #......>.o@................
#.# ####.....#######...........
#.# ####................##.(.#.
#.####........##........##♣...#.
#....'........#........###....#.
######.....#......#######P......
#.....####..## #P.P♣.#.
#........#.#######♣#...♣...
##..........###P.'..#.♣.....


You could see an orc wizard and an orc.

Vanquished Creatures
  Terence (D:1)
  An orc wizard (D:1)
  A ball python (D:1)
  A giant cockroach (D:1)
  3 goblins (D:1)
  3 hobgoblins (D:1)
  4 bats
  A frilled lizard (D:1)
  4 rats (D:1)
19 creatures vanquished.

Notes
Turn   | Place    | Note
-------+----------+-------------------------------------------
     0 | D:1      | Minion the Formicid Fighter began the quest for the Orb.
     0 | D:1      | Reached XP level 1. HP: 18/18 MP: 1/1
   133 | D:1      | Reached XP level 2. HP: 24/24 MP: 2/2
   317 | D:1      | Reached skill level 3 in Long Blades
   698 | D:2      | Noticed Terence
   700 | D:2      | Noticed Jessica
   722 | D:1      | Killed Terence
   722 | D:1      | Reached XP level 3. HP: 14/29 MP: 3/3
   891 | D:1      | Reached skill level 4 in Long Blades
   891 | D:1      | Reached XP level 4. HP: 28/35 MP: 4/4
   897 | D:1      | Killed from afar by an orc wizard

Illustrated notes

Levels and vault maps discovered:
D:1:      denvon_arrival_planthouse, layout_basic
D:2:      cheibrodos_pilgrimage, layout_basic, gammafunk_temple_overflow_statue,
          uniq_natasha, uniq_jessica, uniq_terence

Skill      XL: |  1  2  3 |
---------------+----------+-----
Long Blades    | 3 4 |  4.3
Fighting       | |  3.2
Armour         | |  3.2
Shields        | |  3.6

Action                   |  1- 3 |  4- 6 || total
-------------------------+-------+-------++-------
Melee: Long sword        |    52 |     4 ||    56
Armor: Scale mail        |    25 |     2 ||    27
Dodge: Dodged            |    36 |     3 ||    39
       Rpst.: Long sword |    15 |       ||    15

Table legend:
 A = Non-vault XP
 B = Vault XP
 C = Vault XP percentage of total XP
 D = Non-vault monster count
 E = Vault monster count
 F = Vault count percentage of total count
                 A         B        C        D         E       F
            +---------+---------+-------+---------+---------+-------
      Total |      27 |      71 |  72.4 |      17 |       2 |  10.5
            +---------+---------+-------+---------+---------+-------
        D:1 |      26 |      71 |  73.2 |      16 |       2 |  11.1
        D:2 |       1 |       0 |   0.0 |       1 |       0 |   0.0
            +---------+---------+-------+---------+---------+-------
